 Dungeon Crawl Stone Soup version 0.29-a0-284-gf9362112df (webtiles) character file.

Game seed: 301716796380560596

70 spaghetti the Covert (level 4, -1/41 HPs)
             Began as a Gnoll Delver on Mar 25, 2022.
             Succumbed to a scorpion's poison
             ... on level 5 of the Dungeon.
             The game lasted 00:00:56 (529 turns).

spaghetti the Covert (Gnoll Delver)                  Turns: 529, Time: 00:00:57

Health: -1/41      AC:  3    Str: 11    XL:     4   Next: 22%
Magic:  5/5        EV: 13    Int:  9    God:
Gold:   0          SH:  0    Dex: 16    Spells: 5/5 levels left

rFire   . . .      SeeInvis .   a - +0 short sword {short}
rCold   . . .      Faith    .   (no shield)
rNeg    . . .      Spirit   .   b - +0 leather armour
rPois   .          Reflect  .   (no helmet)
rElec   .          Harm     .   (no cloak)
rCorr   .          Rampage  .   (no gloves)
Will    .....                   (no boots)
Stlth   ++++......              (no amulet)
HPRegen 0.13/turn               (no ring)
MPRegen 0.09/turn               (no ring)

@: lethally poisoned (-1 -> -14), flying
A: fangs 1, strong nose, distributed training
a: no special abilities


You were on level 5 of the Dungeon.
You visited 1 branch of the dungeon, and saw 3 of its levels.


Innate Abilities, Weirdness & Mutations

You have very sharp teeth.
Your uncanny sense of smell can sniff out nearby items.
Your experience applies equally to all skills.


   Skills:
 + Level 6.6 Fighting
 + Level 4.6 Short Blades
 + Level 1.0 Long Blades
 + Level 1.0 Axes
 + Level 1.0 Maces & Flails
 + Level 1.0 Polearms
 + Level 1.0 Staves
 + Level 1.0 Slings
 + Level 1.0 Bows
 + Level 1.0 Crossbows
 + Level 1.0 Throwing
 + Level 1.0 Armour
 + Level 4.6 Dodging
 + Level 9.6 Stealth
 + Level 1.0 Shields
 + Level 1.0 Unarmed Combat
 + Level 1.0 Spellcasting
 + Level 0.8 Conjurations
 + Level 0.8 Hexes
 + Level 0.8 Summonings
 + Level 0.8 Necromancy
 + Level 0.8 Translocations
 + Level 0.8 Transmutations
 + Level 0.8 Fire Magic
 + Level 0.8 Ice Magic
 + Level 0.8 Air Magic
 + Level 0.8 Earth Magic
 + Level 0.8 Poison Magic
 + Level 1.1 Invocations
 + Level 1.0 Evocations


You had 5 spell levels left.
You didn't know any spells.
Your spell library was empty.

Inventory:

Hand Weapons
 a - a +0 short sword (weapon) {short}
Missiles
 j - 2 datura-tipped darts (quivered) {throwing}
 l - 17 stones {throwing}
Armour
 b - a +0 leather armour (worn)
Jewellery
 h - a ring of protection from cold
   (You found it on level 4 of the Dungeon)
Wands
 g - a wand of digging (3)
Scrolls
 c - a scroll of fog
 d - a scroll of magic mapping {!r}
 e - a scroll of fear
 k - a scroll of teleportation {unknown}
Potions
 f - a potion of haste {@q3}

Dungeon Overview and Level Annotations

Branches:
Dungeon (6/15)
 Temple: D:4-7

Altars:
Kikubaaqudgha
Sif Muna
Xom

#.# #.# #.# #.#
#.# .# # #.# .# .
#.# .#.#
##.#####.####.#.##
.......@s........
...#####.###..##
#..(...# ####...#
#...# #...#
#...##########
#...#.........
#...#.########


You could see a neutral scorpion (fast, strong, insane).


Message History

* * * LOW HITPOINT WARNING * * *
😨 HP[-5]
You take 5 damage, and now have 20/41 hp.
You hit the orc.
You kill the orc! 😮 HP[+1]
You hit the orc but do no damage. The orc hits you with a +0 short sword.
* * * LOW HITPOINT WARNING * * *
😨 HP[-2]
You take 2 damage, and now have 19/41 hp.
You closely miss the orc. The orc hits you with a +0 short sword.
* * * LOW HITPOINT WARNING * * *
😨 HP[-4]
You take 4 damage, and now have 15/41 hp.
You hit the orc but do no damage. You bite the orc.
The orc hits you with a +0 short sword.
* * * LOW HITPOINT WARNING * * *
😱 HP[-5]
You take 5 damage, and now have 10/41 hp.
You hit the orc. The orc misses you.
You hit the orc.
You kill the orc!
You start resting. 😎 HP[+31]
Your hp is fully restored (41).
(D) Dungeon
Where to? (? - help) Sorry, I don't know how to get there.
Unknown command.
Unknown command.
There is a stone staircase leading up here.
i - a coppery potion An endoplasm comes into view.
Found a stone staircase leading down.
The helpless endoplasm fails to defend itself.
You perforate the endoplasm like a sieve!!!
You kill the endoplasm!
j - 3 datura-tipped darts {throwing}
(D) Dungeon
Where to? (Enter - D:4 @ (x,y), ? - help)
There is a stone staircase leading down here.
You climb downwards.
There is a stone staircase leading up here.
Unknown command.
k - a scroll labelled XAPSI ANGOL
l - 17 stones {throwing} A scorpion comes into view.
Throw: 3 darts (datura) {throwing}
Press: ? - help, Q - select action, (/) - cycle Shift-Dir - straight line, f - scorpion
Aim: a scorpion (63% to hit, chance to frenzy on hit: 82%)
You throw a datura-tipped dart {throwing}.
The datura-tipped dart {throwing} hits the scorpion.
The scorpion flies into a frenzy!
The scorpion closely misses you. The scorpion stings you. 😕 HP[-2]
You take 2 damage, and now have 39/41 hp.
The scorpion barely misses you. The scorpion stings you. 😕 HP[-3]
You take 3 damage, and now have 36/41 hp.
Sorry, you're not good enough to have a special ability.
Unknown command.
It was a potion of flight.
You feel very buoyant.
You fly up into the air.
The scorpion stings you. The scorpion stings you!
* * * LOW HITPOINT WARNING * * *
You are poisoned.
The scorpion poisons you! 😨 HP[-16]
You take 16 damage, and now have 20/41 hp.
MASSIVE DAMAGE!! (PAUSE)
You hit the scorpion but do no damage.
You feel sick.
The scorpion closely misses you. 😨 HP[-2]
You take 2 damage, and now have 18/41 hp.
You hit the scorpion.
You feel sick. The scorpion stings you.
* * * LOW HITPOINT WARNING * * *
The scorpion stings you.
* * * LOW HITPOINT WARNING * * *
😨 HP[-5]
You take 5 damage, and now have 13/41 hp.
You hit the scorpion.
You feel sick. The scorpion barely misses you.
You barely miss the scorpion.
You feel sick. The scorpion stings you.
* * * LOW HITPOINT WARNING * * *
The scorpion barely misses you. 😱 HP[-5]
You take 5 damage, and now have 8/41 hp.
Unknown command.
Unknown command.
Unknown command.
You hit the scorpion. Your bite misses the scorpion.
You feel sick. The scorpion stings you.
* * * LOW HITPOINT WARNING * * *
You are more poisoned.
The scorpion poisons you! 😱 HP[-7]
You take 7 damage, and now have 1/41 hp.
Unknown command.
You hit the scorpion but do no damage.
You die...

Skill      XL: |  1 |
---------------+----+-----
Stealth        | |  9.6
Long Blades    | 1 |  1.0
Axes           | 1 |  1.0
Maces & Flails | 1 |  1.0
Polearms       | 1 |  1.0
Staves         | 1 |  1.0
Slings         | 1 |  1.0
Bows           | 1 |  1.0
Crossbows      | 1 |  1.0
Throwing       | 1 |  1.0
Armour         | 1 |  1.0
Shields        | 1 |  1.0
Unarmed Combat | 1 |  1.0
Spellcasting   | 1 |  1.0
Invocations    | 1 |  1.1
Evocations     | 1 |  1.0
Fighting       | |  6.6
Short Blades   | |  4.6
Dodging        | |  4.6
Conjurations   | |  0.8
Hexes          | |  0.8
Summonings     | |  0.8
Necromancy     | |  0.8
Translocations | |  0.8
Transmutations | |  0.8
Fire Magic     | |  0.8
Ice Magic      | |  0.8
Air Magic      | |  0.8
Earth Magic    | |  0.8
Poison Magic   | |  0.8

Action                   |  1- 3 |  4- 6 || total
-------------------------+-------+-------++-------
Melee: Short sword       |     1 |    31 ||    32
       Bite              |       |     3 ||     3
Throw: Dart              |       |     1 ||     1
  Use: Potion            |       |     1 ||     1
 Stab: Sleeping          |     1 |     1 ||     2
Armor: Leather armour    |       |     1 ||     1
Dodge: Dodged            |       |    18 ||    18

Levels and vault maps discovered:
D:4:      layout_loops_ring, kennysheep_mini, nicolae_ru_path_of_blood,
          chequers_temple_overflow_statue_of_worship, temple_green,
          grunt_decor_junction, uniq_menkaure
D:5:      layout_basic
D:6:      layout_cave_pools, nicolae_overflow_hallway_of_the_gods, serial_shops,
          nicolae_diamond_shop, uniq_maggie, uniq_sigmund, uniq_eustachio

Notes
Turn   | Place    | Note
-------+----------+-------------------------------------------
     0 | D:5      | Reached skill level 9 in Stealth
     0 | D:5      | spaghetti the Gnoll Delver began the quest for the Orb.
     0 | D:5      | Reached XP level 1. HP: 23/23 MP: 1/1
     0 | D:5      | magus.rc [v1.9.6]
     1 | D:6      | Noticed a scorpion
     3 | D:6      | Noticed an iguana
     4 | D:6      | Killed a scorpion
     5 | D:6      | Reached skill level 1 in Long Blades
     5 | D:6      | Reached skill level 1 in Axes
     5 | D:6      | Reached skill level 1 in Maces & Flails
     5 | D:6      | Reached skill level 1 in Polearms
     5 | D:6      | Reached skill level 1 in Staves
     5 | D:6      | Reached skill level 1 in Slings
     5 | D:6      | Reached skill level 1 in Bows
     5 | D:6      | Reached skill level 1 in Crossbows
     5 | D:6      | Reached skill level 1 in Throwing
     5 | D:6      | Reached skill level 1 in Armour
     5 | D:6      | Reached skill level 1 in Shields
     5 | D:6      | Reached skill level 1 in Unarmed Combat
     5 | D:6      | Reached skill level 1 in Spellcasting
     5 | D:6      | Reached skill level 1 in Invocations
     5 | D:6      | Reached skill level 1 in Evocations
     5 | D:6      | Reached XP level 2. HP: 29/29 MP: 1/3
     5 | D:6      | Reached XP level 3. HP: 35/35 MP: 1/4
     5 | D:6      | Reached XP level 4. HP: 41/41 MP: 1/5
    13 | D:4      | Found an ancient bone altar of Kikubaaqudgha.
    13 | D:4      | Found a shimmering blue altar of Sif Muna.
    13 | D:4      | Found a shimmering altar of Xom.
   159 | D:4      | HP: 10/41 [orc/+0 short sword (5)]
   513 | D:5      | Noticed a scorpion
   527 | D:5      | HP: 8/41 [scorpion (4)]
   528 | D:5      | HP: 1/41 [scorpion (6)]
   529 | D:5      | Succumbed to a scorpion's poison

Vanquished Creatures
  A scorpion (D:6)
  4 orcs (D:4)
  An endoplasm (D:4)
6 creatures vanquished.

Table legend:
 A = Non-vault XP
 B = Vault XP
 C = Vault XP percentage of total XP
 D = Non-vault monster count
 E = Vault monster count
 F = Vault count percentage of total count
                 A         B        C        D         E       F
            +---------+---------+-------+---------+---------+-------
      Total |     101 |       0 |   0.0 |       6 |       0 |   0.0
            +---------+---------+-------+---------+---------+-------
        D:4 |      14 |       0 |   0.0 |       5 |       0 |   0.0
        D:6 |      87 |       0 |   0.0 |       1 |       0 |   0.0
            +---------+---------+-------+---------+---------+-------

Illustrated notes

Table legend:
 A = Kills in this place as a percentage of kills in entire the game.
 B = Kills by you in this place as a percentage of kills by you in the entire game.
 C = Kills by friends in this place as a percentage of kills by friends in the entire game.
 D = Other kills in this place as a percentage of other kills in the entire game.
 E = Experience gained in this place as a percentage of experience gained in the entire game.
 F = Experience gained in this place divided by the number of levels of this place that you have seen.
                   A       B       C       D       E      F
               +-------+-------+-------+-------+-------+----------------------
         Total | 100.0 | 100.0 |   N/A |   N/A | 100.0 |  33.7
       Dungeon | 100.0 | 100.0 |   N/A |   N/A | 100.0 |  33.7
               +-------+-------+-------+-------+-------+----------------------

Table legend: (Time is in decaauts)
 A = Elapsed time spent in this place.
 B = Non-inter-level travel time spent in this place.
 C = Inter-level travel time spent in this place.
 D = Time resting spent in this place.
 E = Time spent auto-exploring this place.
 F = Levels seen in this place.
 G = Mean time per level.
                   A        B        C        D        E       F      G
               +--------+--------+--------+--------+--------+-----+--------+
         Total |    525 |    489 |     36 |    269 |    129 |   3 |  175.0 |
       Dungeon |    525 |    489 |     36 |    269 |    129 |   3 |  175.0 |
               +--------+--------+--------+--------+--------+-----+--------+

Top non-repeatable levels by time:
     D:4: 452 daAuts
     D:5: 66 daAuts
     D:6: 6 daAuts
